 Dungeon Crawl Stone Soup version 0.22.1-2-g9c5b331383 (webtiles) character file.

238 Gargoyl the Skirmisher (level 5, -5/45 HPs)
             Began as a Centaur Abyssal Knight on Dec 14, 2018.
             Was a Priest of Lugonu.
             Splashed by an orc's acid (13 damage)
             ... on level 3 of the Dungeon.
             The game lasted 00:05:13 (3509 turns).

Gargoyl the Skirmisher (Centaur Abyssal Knight)     Turns: 3509, Time: 00:05:13

Health: -5/45      AC:  9    Str: 14    XL:     5   Next: 78%
Magic:  7/7        EV:  4    Int: 11    God:    Lugonu [***...]
Gold:   112        SH:  0    Dex: 10    Spells: 4/4 levels left

rFire    . . .     SeeInvis .   a - +2 hand axe
rCold    . . .     Gourm    .   (no shield)
rNeg     . . .     Faith    .   d - +0 chain mail
rPois    .         Spirit   .   b - +0 helmet
rElec    .         Reflect  .   (no cloak)
rCorr    .         Harm     .   (no gloves)
MR       .....                  (no barding)
Stlth    ..........             (no amulet)
HPRegen  0.15/turn              (no ring)
MPRegen  0.10/turn              (no ring)

@: very quick
A: large, hooves 3, deformed body, speed 2, tough skin 3
a: Depart the Abyss, Bend Space, Banish, Renounce Religion


You were on level 3 of the Dungeon.
You worshipped Lugonu.
Lugonu was most pleased with you.
You were hungry.

You visited 1 branch of the dungeon, and saw 3 of its levels.
You visited the Abyss 1 time.

You collected 112 gold pieces.

Inventory:

Hand Weapons
 a - a +2 hand axe (weapon)
Missiles
 f - 8 steel tomahawks (quivered)
Armour
 b - a +0 helmet (worn)
 d - a +0 chain mail (worn)
Scrolls
 l - a scroll of remove curse
Potions
 e - 2 potions of might {unknown}
 g - 2 potions of haste {unknown}
 h - a potion of invisibility {unknown}
 i - 2 potions of lignification {unknown}
 j - a potion of curing {unknown}
 k - a potion of berserk rage {unknown}
Comestibles
 c - 3 rations


   Skills:
 + Level 3.4 Fighting
 + Level 3.4 Axes
 * Level 3.0 Armour
 + Level 0.9 Dodging
 * Level 3.1 Invocations


You had 4 spell levels left.
You didn't know any spells.
Your spell library was empty.

Dungeon Overview and Level Annotations

Branches:
Dungeon (3/15)

Altars:


Innate Abilities, Weirdness & Mutations

You have hooves in place of feet.
Armour fits poorly on your strangely shaped body.
You cover ground very quickly.
You have extremely tough skin. (AC +3)


Message History

HP restored.
An orc comes into view. It is wielding a mace.
An orc is nearby!
The orc shouts!
The orc throws a stone.
The stone hits you but does no damage.
You see here a stone.
The orc throws a stone.
The stone hits you but does no damage.
You see here a stone.
The orc zaps a wand.
The bolt of acid hits you!
You are splashed with acid!
The acid burns!
It is a wand of acid (5).
A hobgoblin comes into view.
The hobgoblin shouts!
The orc drinks a potion.
The orc suddenly seems more resistant.
The orc hits you but does no damage.
You hit the orc.
The orc is moderately wounded.
The orc zaps a wand.
The bolt of acid hits you!
* * * LOW HITPOINT WARNING * * *
You are splashed with acid!
The acid burns!
You die...

****** ********
*,,,,* #......#
**,*,* #......#
*,*,* #......#
*,*,***##......# #
*,*,*,,,.......# #
*,*,*,***,.....* #
*,*,*,*
*###'###############
*,*,*,*
#.@...((...........
*,*,*,*
#.#o###############
*,*,*,* #.#g# #
*,*,*,* #.#.#******
# *,*,*,*
#.#..,,,,,*********
*,*,*,*
#.#..,***,*,,,,,,,*
*,*,*,***#.#.##*
*,*,*****,,
*,,,,,,,,#.###
*,*,*******
***,******,*
*****,,,,,,,,,*


You could see an orc and a hobgoblin.

Vanquished Creatures
  A howler monkey (D:3)
  An orc wizard (D:3)
  A hound skeleton (D:2)
  Robin (D:3)
  6 adders
  A worm (D:2)
  3 dart slugs
  2 leopard geckos (D:2)
  3 orcs (D:3)
  5 giant cockroaches
  15 goblins
  11 hobgoblins
  3 jackals
  6 kobolds
  7 bats
  6 frilled lizards
  13 rats
85 creatures vanquished.

Notes
Turn   | Place    | Note
-------+----------+-------------------------------------------
     0 | Abyss:1  | Gargoyl the Centaur Abyssal Knight began the quest for the
                  | Orb.
     0 | Abyss:1  | Reached XP level 1. HP: 19/19 MP: 2/2
   106 | Abyss:1  | Noticed a black draconian shifter
   114 | Abyss:1  | Noticed an insubstantial wisp
   118 | Abyss:1  | Noticed a bone dragon
   126 | Abyss:1  | Noticed an ancient zyme
   131 | Abyss:1  | Noticed a starcursed mass
   166 | Abyss:2  | Noticed a worldbinder
   168 | Abyss:2  | Noticed a yaktaur
   168 | Abyss:2  | Noticed a yaktaur
   169 | D:1      | Escaped the Abyss
   660 | D:1      | Reached * piety under Lugonu
   902 | D:1      | Reached XP level 2. HP: 26/26 MP: 3/3
  1300 | D:1      | Reached XP level 3. HP: 25/31 MP: 4/4
  1752 | D:2      | Reached ** piety under Lugonu
  1843 | D:2      | Reached XP level 4. HP: 38/38 MP: 5/5
  2555 | D:3      | Noticed Robin
  2567 | D:3      | Killed Robin
  2797 | D:3      | Reached XP level 5. HP: 45/45 MP: 7/7
  3090 | D:3      | Reached *** piety under Lugonu
  3509 | D:3      | Splashed by an orc's acid

Skill      XL: |  1  2  3  4  5 |
---------------+----------------+-----
Axes           | 2 3 |  3.4
Armour         | 2 3 |  3.0
Invocations    | 3 |  3.1
Fighting       | |  3.4
Dodging        | |  0.9

Action                   |  1- 3 |  4- 6 || total
-------------------------+-------+-------++-------
Melee: Hand axe          |   108 |   134 ||   242
       Kick              |    20 |    16 ||    36
Invok: Depart the Abyss  |     1 |       ||     1
  Use: Potion            |     2 |       ||     2
       Scroll            |     1 |     4 ||     5
  Eat: Chunk             |     2 |     4 ||     6
Armor: Chain mail        |   114 |   114 ||   228
Dodge: Dodged            |    52 |    32 ||    84
